 Dungeon Crawl Stone Soup version 0.28.0-53-g5a82cb258f (webtiles) character file.

Game seed: 10391752883066205397

58993 raph the Impaler (level 14, -26/116 HPs)
             Began as a Merfolk Gladiator on June 7, 2022.
             Was the Champion of Qazlal.
             Annihilated by an eldritch tentacle (40 damage)
             ... called by a Zot trap
             ... on level 6 of the Lair of Beasts.
             The game lasted 00:32:33 (19286 turns).

raph the Impaler (Merfolk Gladiator)               Turns: 19286, Time: 00:32:34

Health: -26/116    AC: 21    Str: 18    XL:     14   Next: 93%
Magic:  22/22      EV: 21    Int:  7    God:    Qazlal [******]
Gold:   736        SH: 14    Dex: 20    Spells: 13/13 levels left

rFire   . . .      SeeInvis +   b - +10 demon trident "Death Rattle" {vamp, rElec Str+3}
rCold   . . .      Faith    .   O - +0 buckler
rNeg    . . .      Spirit   .   M - +0 acid dragon scales
rPois   +          Reflect  .   c - +2 helmet
rElec   +          Harm     .   C - +2 cloak
rCorr   +          Rampage  .   K - +2 pair of gloves
Will    +....                   (no boots)
Stlth   +.........              h - amulet of regeneration
HPRegen 1.09/turn               P - ring of see invisible
MPRegen 0.18/turn               N - ring of poison resistance

@: protected from physical damage, studying 2 skills, repel missiles
A: (nimble swimmer 2), mertail
a: Renounce Religion, Upheaval, Elemental Force, Disaster Area


You were on level 6 of the Lair of Beasts.
You worshipped Qazlal.
Qazlal was exalted by your worship.
You visited 2 branches of the dungeon, and saw 17 of its levels.

You collected 1231 gold pieces.
You spent 495 gold pieces at shops.

Inventory:

Hand Weapons
 a - a +0 trident
 b - the +10 demon trident "Death Rattle" (weapon) {vamp, rElec Str+3}
   (You acquired it on level 11 of the Dungeon)

   It occasionally heals its wielder for a portion of the damage dealt when it
   wounds a living foe.
   Str:       It affects your strength (+3).
   rElec:     It insulates you from electricity.
 y - a +1 bardiche of protection
 D - a +0 glaive
Missiles
 d - 5 throwing nets
 p - 4 curare-tipped darts (quivered)
 T - 8 poisoned darts
Armour
 c - a +2 helmet (worn)
 j - a +3 ring mail of poison resistance
 C - a +2 cloak (worn)
 H - +0 steam dragon scales
 J - a +0 troll leather armour
 K - a +2 pair of gloves (worn)
 M - +0 acid dragon scales (worn)
 O - a +0 buckler (worn)
Jewellery
 h - an amulet of regeneration (around neck)
 m - a ring of flight
 q - an amulet of magic regeneration
 A - an amulet of faith
 B - an amulet of guardian spirit
 N - a ring of poison resistance (right hand)
 P - a ring of see invisible (left hand)
Wands
 u - a wand of digging (5)
 w - a wand of paralysis (9)
 E - a wand of acid (6)
 V - a wand of mindburst (12)
Scrolls
 f - 3 scrolls of magic mapping
 l - 3 scrolls of teleportation
 s - 2 scrolls of fog
 v - 3 scrolls of amnesia
 F - 3 scrolls of holy word
 S - 7 scrolls of identify
 U - 2 scrolls of blinking
 W - 2 scrolls of brand weapon
 X - a scroll of enchant weapon
Potions
 e - a potion of resistance
 g - 3 potions of cancellation
 i - 7 potions of heal wounds
 k - 3 potions of curing
 n - 4 potions of magic
 o - 3 potions of brilliance
 r - 8 potions of ambrosia
 t - 5 potions of might
 x - a potion of mutation
 z - 2 potions of attraction
 I - 4 potions of haste
 Q - 2 potions of lignification
 R - a potion of flight
Miscellaneous
 G - a condenser vane
 L - a box of beasts


   Skills:
 + Level 12.5 Fighting
 - Level 15.5 Polearms
 - Level 2.0 Throwing
 + Level 8.6 Armour
 + Level 14.9 Dodging
 + Level 6.8 Shields
 * Level 11.3 Invocations
 + Level 6.7 Evocations


You had 13 spell levels left.
You didn't know any spells.
Your spell library contained the following spells:

 Spells                   Type           Power      Damage    Failure   Level
 Pain                     Necr           0%         1d4       58%         1
 Shock                    Conj/Air       0%         1d3       58%         1
 Blink                    Tloc           0%         N/A       75%         2
 Corpse Rot               Necr/Air       0%         N/A       75%         2
 Poisonous Vapours        Pois/Air       0%         N/A       75%         2
 Scorch                   Fire           0%         2d5       75%         2
 Sublimation of Blood     Necr           0%         N/A       75%         2
 Gell's Gravitas          Tloc           0%         N/A       92%         3
 Lesser Beckoning         Tloc           0%         N/A       92%         3
 Portal Projectile        Hex/Tloc       0%         N/A       92%         3
 Swiftness                Air            0%         N/A       92%         3
 Teleport Other           Tloc           0%         N/A       92%         3
 Airstrike                Air            0%         N/A       100%        4
 Dispel Undead            Necr           0%         3d6       100%        4
 Flame Wave               Conj/Fire      0%         2d4       100%        4
 Leda's Liquefaction      Hex/Erth       0%         N/A       100%        4
 Petrify                  Tmut/Erth      0%         N/A       100%        4
 Agony                    Necr           0%         N/A       100%        5
 Blade Hands              Tmut           0%         N/A       100%        5
 Excruciating Wounds      Necr           0%         N/A       100%        5
 Irradiate                Conj/Tmut      0%         3d13      100%        5
 Lee's Rapid Deconstruct  Erth           0%         3d5*      100%        5
 Manifold Assault         Tloc           0%         N/A       100%        5
 Death Channel            Necr           0%         N/A       100%        6
 Statue Form              Tmut/Erth      0%         N/A       100%        6
 Summon Cactus Giant      Summ           0%         N/A       100%        6
 Storm Form               Tmut/Air       0%         N/A       100%        7


Dungeon Overview and Level Annotations

Branches:
Dungeon (11/15)            Temple (0/1) D:7            Lair (6/6) D:11
 Shoals (0/4) Lair:2       Spider (0/4) Lair:2        Slime (0/5) Lair:5
    Orc (0/2) D:11

Altars:
Qazlal
Sif Muna
Uskayaw
Xom

Shops:
D:2 !   D:4 !?![

Portals:
Trove: D:10 (give +4 fire dragon scales)

Annotations:
D:7 4 runed translucent doors
D:11 3 runed translucent doors, shugdite's ghost, journeyman MiFi


Innate Abilities, Weirdness & Mutations

((You are very nimble when in or above water. (Stealth+, EV+, Speed+++)))
Your lower body shifts to a powerful aquatic tail in water.


Message History

The eldritch tentacle slaps you!
The eldritch tentacle barely misses you.
The wolf is engulfed in blazing flames.
You block the wolf's attack. You block the polar bear's attack.
The polar bear claws you but does no damage.
You block the polar bear's attack.
You puncture the polar bear!
The polar bear is almost dead.
You hear an angry growl.
The wolf is engulfed in blazing flames.
You block the wolf's attack. The eldritch tentacle slaps you!
The eldritch tentacle draws strength from your injuries!
You block the eldritch tentacle's attack.
You impale the polar bear!!
You feel better.
You kill the polar bear!
Qazlal accepts your kill.
The wolf is engulfed in blazing flames.
You kill the wolf!
Qazlal accepts your kill.
You block the eldritch tentacle's attack.
The eldritch tentacle claws you!
You are engulfed in flames!!
You puncture the eldritch tentacle!
The eldritch tentacle is lightly damaged.
You hit the eldritch tentacle but do no damage.
The eldritch tentacle is lightly damaged.
You block the eldritch tentacle's attack. x2
You impale the eldritch tentacle!!
The eldritch tentacle is moderately damaged.
The eldritch tentacle slaps you! The eldritch tentacle freezes you!!
* * * LOW HITPOINT WARNING * * *
The eldritch tentacle misses you.
You are too injured to fight recklessly!
You are too injured to fight recklessly!
You are too injured to fight recklessly!
You are too injured to fight recklessly!
You hear an angry growl.
The eldritch tentacle slaps you!
* * * LOW HITPOINT WARNING * * *
The eldritch tentacle freezes you!!!
You die...

..†...## ## ...
..†..## #.#/ .. ?#.###
#.. .. #### #.} . ##
## #### #.#.#.#
.######..# #.#.##
..#.#.#..######†^°##
...#......##†.☼....##
..†.......#..†☼§@w..##
##.....##.†..##§§.*..#
#.#....###...###....##
####..## #.### ##...#
#.## ### /..# ### ####


You could see an eldritch tentacle.

Vanquished Creatures
  Nessos (Lair:4)
  Snorg (Lair:5)
  Harold (D:7)
  Josephine (Lair:5)
  9 hydras
  Erica (Lair:1)
  2 two-headed ogres (D:11)
  7 death yaks
  A catoblepas (Lair:3)
  An ugly thing (D:11)
  Joseph (D:10)
  3 merfolk sirens (Lair:2)
  7 black mambas
  2 torpor snails
  13 cane toads
  2 rime drakes
  An unseen horror (D:11)
  10 komodo dragons
  A queen bee (Lair:1)
  2 trolls (D:10)
  A hornet (D:9)
  Grinder (D:6)
  A merfolk (Lair:2)
  6 polar bears (Lair:6)
  6 dream sheep
  2 raiju (Lair:6)
  A slime creature (Lair:5)
  16 blink frogs
  A vampire (D:10)
  6 wraiths
  4 culicivoras (Lair:2)
  57 yaks
  3 wyverns
  3 basilisks
  6 vampire mosquitoes (D:7)
  2 steam dragons
  A fire elemental (Lair:1)
  6 wargs (Lair:6)
  3 acid dragons
  16 water moccasins
  13 hell hounds (Lair:6)
  A swamp drake (Lair:6)
  Pargi (D:3)
  13 black bears
  5 orc warriors
  2 sky beasts (D:7)
  An ice beast (D:5)
  3 ogres
  19 wolves
  7 centaurs
  A phantom (D:5)
  3 kobold brigands (D:8)
  16 bullfrogs
  A gnoll sergeant (D:9)
  2 scorpions
  34 killer bees
  8 wights
  9 electric eels
  2 howler monkeys
  3 bullfrog zombies (D:5)
  3 centaur zombies
  2 hounds
  5 jellies
  12 orc priests
  A bullfrog skeleton (D:5)
  A centaur skeleton (D:7)
  7 iguanas
  A scorpion zombie (D:5)
  11 orc wizards
  A killer bee zombie (D:7)
  2 howler monkey zombies
  8 gnolls
  2 howler monkey skeletons
  6 adders
  2 shadow imps
  A white imp (D:7)
  An ufetubus (D:5)
  An adder zombie (D:5)
  A worm (D:4)
  3 dart slugs
  55 orcs
  5 bats
  4 endoplasms
  2 giant cockroaches
  3 hobgoblins
  2 jackals (D:5)
  A quokka (D:3)
  3 ball pythons
  2 frilled lizards
  A goblin (D:4)
  16 kobolds
  3 rats
  A fire vortex (Lair:1)
522 creatures vanquished.

Vanquished Creatures (others)
  A water moccasin (Lair:1)
  9 fungi
  54 plants
64 creatures vanquished.

Grand Total: 586 creatures vanquished

Notes
Turn   | Place    | Note
-------+----------+-------------------------------------------
     0 | D:1      | raph the Merfolk Gladiator began the quest for the Orb.
     0 | D:1      | Reached XP level 1. HP: 16/16 MP: 1/1
   675 | D:1      | Reached skill level 5 in Polearms
   980 | D:2      | Reached XP level 2. HP: 20/22 MP: 2/2
  1039 | D:2      | Reached skill level 6 in Polearms
  1039 | D:2      | Reached XP level 3. HP: 10/27 MP: 3/3
  1794 | D:2      | Reached XP level 4. HP: 33/33 MP: 4/4
  1799 | D:2      | Found a faded altar of an unknown god.
  1818 | D:2      | Reached skill level 7 in Polearms
  1854 | D:2      | Found Quri's Distillery.
  1890 | D:2      | Bought a potion of heal wounds for 70 gold pieces
  2018 | D:2      | Bought a potion of curing for 42 gold pieces
  2922 | D:3      | Noticed Pargi
  3001 | D:4      | Noticed a black bear
  3048 | D:3      | Reached skill level 8 in Polearms
  3048 | D:3      | Reached XP level 5. HP: 14/38 MP: 5/5
  3764 | D:4      | Reached skill level 9 in Polearms
  3770 | D:4      | You fall into a shaft and drop 2 floors!
  3817 | D:6      | Reached XP level 6. HP: 34/44 MP: 6/6
  3849 | D:6      | Reached skill level 10 in Polearms
  4059 | D:6      | Reached skill level 11 in Polearms
  4059 | D:6      | Reached XP level 7. HP: 23/50 MP: 7/7
  4228 | D:6      | Noticed Grinder
  4242 | D:6      | Paralysed by Grinder for 7 turns
  4253 | D:6      | Paralysed by Grinder for 3 turns
  4269 | D:5      | Entered Level 5 of the Dungeon
  4305 | D:6      | Killed Grinder
  4306 | D:6      | Reached skill level 12 in Polearms
  4348 | D:5      | Found a shimmering altar of Xom.
  4349 | D:5      | Found a shimmering altar of Xom.
  4350 | D:5      | Found a shimmering altar of Xom.
  4350 | D:5      | Found a shimmering altar of Xom.
  4351 | D:5      | Found a shimmering altar of Xom.
  4351 | D:5      | Found a shimmering altar of Xom.
  4633 | D:5      | Reached skill level 1 in Armour
  4633 | D:5      | Reached XP level 8. HP: 42/57 MP: 8/8
  4685 | D:5      | Found a shimmering blue altar of Sif Muna.
  4752 | D:5      | Reached skill level 5 in Dodging
  4954 | D:4      | Found Taimimut's Armour Boutique.
  4959 | D:4      | Found Vocvuin's Distillery.
  4970 | D:4      | Bought a potion of might for 52 gold pieces
  5032 | D:4      | Found Uczoic's Distillery.
  5058 | D:4      | Found Qued Rojir's Magic Scroll Shoppe.
  5066 | D:4      | Bought a scroll of teleportation for 36 gold pieces
  5256 | D:5      | Reached skill level 13 in Polearms
  5910 | D:6      | Identified the +1 robe of the Tundras {-Cast rPois rN++
                  | Dex+3}
  5982 | D:6      | Reached XP level 9. HP: 66/66 MP: 9/9
  6378 | D:7      | Reached skill level 5 in Fighting
  6539 | D:7      | Found a large runed translucent door.
  6539 | D:7      | Found a large runed translucent door.
  6549 | D:7      | Noticed a komodo dragon
  6577 | D:7      | Found a large runed translucent door.
  6577 | D:7      | Found a large runed translucent door.
  6781 | D:7      | Reached skill level 14 in Polearms
  6845 | D:7      | Found a stormy altar of Qazlal.
  6855 | D:7      | Became a worshipper of Qazlal Stormbringer
  6857 | D:7      | Noticed Harold
  6869 | D:7      | Killed Harold
  6870 | D:7      | Reached XP level 10. HP: 42/77 MP: 10/10
  6921 | D:7      | Found a staircase to the Ecumenical Temple.
  7165 | D:7      | Found a hide-covered altar of Uskayaw.
  7605 | D:8      | Reached * piety under Qazlal
  7691 | D:8      | Reached skill level 5 in Armour
  7936 | D:8      | Reached skill level 10 in Dodging
  8264 | D:4      | Bought a +2 cloak for 165 gold pieces
  8917 | D:9      | Reached XP level 11. HP: 87/87 MP: 11/11
  8924 | D:9      | Reached ** piety under Qazlal
 10028 | D:4      | Bought a potion of haste for 130 gold pieces
 10282 | D:3      | Killed Pargi
 10497 | D:10     | Entered Level 10 of the Dungeon
 10946 | D:10     | Found a portal to a secret trove of treasure.
 11079 | D:10     | Reached skill level 1 in Invocations
 11457 | D:10     | Noticed Joseph
 11465 | D:10     | Killed Joseph
 11843 | D:11     | Found a staircase to the Orcish Mines.
 11951 | D:11     | Reached *** piety under Qazlal
 11982 | D:11     | Noticed a brown ugly thing
 12008 | D:11     | Killed a brown ugly thing
 12611 | D:11     | Found a runed translucent gate.
 12612 | D:11     | Found a runed translucent gate.
 12613 | D:11     | Found a runed translucent gate.
 12614 | D:11     | Noticed shugdite's ghost (journeyman MiFi)
 12650 | D:11     | Noticed a two-headed ogre
 12654 | D:11     | Killed a two-headed ogre
 12730 | D:11     | Noticed a two-headed ogre
 12740 | D:11     | Killed a two-headed ogre
 12741 | D:11     | Reached skill level 15 in Polearms
 13245 | D:11     | Reached skill level 10 in Fighting
 13245 | D:11     | Reached XP level 12. HP: 97/97 MP: 14/14
 13265 | D:11     | Found a staircase to the Lair.
 13267 | D:11     | Identified a scroll of acquirement
 13268 | D:11     | Acquired the +10 demon trident "Death Rattle" {vamp, rElec
                  | Str+3}
 13525 | Lair:1   | Entered Level 1 of the Lair of Beasts
 13525 | Lair:1   | Noticed a seven-headed hydra
 13532 | Lair:1   | Killed a seven-headed hydra
 13547 | Lair:1   | Reached skill level 1 in Evocations
 13561 | Lair:1   | Reached skill level 1 in Shields
 13710 | Lair:1   | Reached skill level 5 in Invocations
 13945 | Lair:1   | Noticed Erica
 13962 | Lair:1   | Killed Erica
 14222 | Lair:1   | Noticed an eight-headed hydra
 14253 | Lair:1   | Killed an eight-headed hydra
 14253 | Lair:1   | Reached **** piety under Qazlal
 14533 | Lair:2   | You are sucked into a shaft and drop 1 floor!
 14736 | Lair:2   | Found a hole to the Spider Nest.
 14821 | Lair:2   | Reached XP level 13. HP: 105/105 MP: 18/18
 14821 | Lair:2   | Found a staircase to the Shoals.
 16690 | Lair:4   | Reached ***** piety under Qazlal
 16731 | Lair:4   | Reached skill level 5 in Shields
 16817 | Lair:4   | Reached skill level 5 in Evocations
 16855 | Lair:4   | Noticed Nessos
 16873 | Lair:4   | Killed Nessos
 17132 | Lair:4   | Reached XP level 14. HP: 98/114 MP: 21/21
 17692 | Lair:5   | Found a staircase to the Slime Pits.
 17935 | Lair:5   | Noticed Snorg
 17952 | Lair:5   | Killed Snorg
 17953 | Lair:5   | Reached skill level 10 in Invocations
 17964 | Lair:5   | Noticed Josephine
 17984 | Lair:5   | Killed Josephine
 18424 | Lair:6   | Entered Level 6 of the Lair of Beasts
 19279 | Lair:6   | Reached ****** piety under Qazlal
 19286 | Lair:6   | Annihilated by an eldritch tentacle

Illustrated notes

Levels and vault maps discovered:
D:1:      lightli_arrival_noodles, layout_loops_ring
D:2:      layout_loops_ring, ebering_ecumenical_altar_ruins, serial_glass,
          glass_columns_b, glass_columns_a, glass_columns_b, glass_columns_a,
          glass_columns_a, glass_columns_a, serial_shops, shop_coins,
          nicolae_figureground_sparkle
D:3:      layout_basic, uniq_pargi
D:4:      layout_rooms, serial_shops, shop_fountains, shop, shop, shop_fountains
D:5:      layout_cave_pods, xom_redecorated, mainiacjoe_overflow_boulevard
D:6:      layout_loops_ring, uniq_grinder
D:7:      layout_basic, mainiacjoe_overflow_catch_the_wave,
          minmay_temple_entry_tees, minmay_hollow_rounded_squares, uniq_harold
D:8:      layout_cave_pools, serial_bayou_lake_a
D:9:      layout_irregular_city, mrwooster_statue_mirror, minmay_starry_boxes
D:10:     layout_loops_corners, nicolae_trove_entry_crossroad,
          nicolae_elevator_lobby_plus, uniq_joseph
D:11:     layout_basic, david_lair_shrubbed, hiddenorc2_lemuel,
          gammafunk_ghost_necromancy, kennysheep_windowed_goal
Lair:1:   layout_gridlike, special_room [special_room_bee],
          serial_bayou_shore_b, uniq_erica
Lair:2:   layout_big_grid, elwin_shoals_entry_stream,
          hellmonk_spider_entry_life_and_decay, infiniplex_staircase_pool_2
Lair:3:   layout_loops_ring
Lair:4:   layout_gridlike, nzn_random_ring, uniq_nessos
Lair:5:   cheibrodos_lair_river_kwai, layout_loops_ring,
          minmay_slime_entry_pillars, serial_bayou_pond_b, serial_bayou_shore_b,
          uniq_josephine, uniq_snorg
Lair:6:   guppyfry_lair_end_dragon, layout_small_grid,
          hangedman_lair_caniforms_friends

Skill      XL: |  1  2  3  4  5  6  7  8  9 10 11 12 13 14 |
---------------+-------------------------------------------+-----
Polearms       | 5 6 8 9 11 12 13 14 15 | 15.5
Armour         | 1 2 4 5 6 7 8 |  8.6
Fighting       | 4 6 8 10 11 12 | 12.5
Dodging        | 6 8 10 12 13 14 | 14.9
Invocations    | 3 7 9 11 | 11.3
Evocations     | 3 5 6 |  6.7
Shields        | 3 5 6 |  6.8
Throwing       | |  2.0

Action                   |  1- 3 |  4- 6 |  7- 9 | 10-12 | 13-15 || total
-------------------------+-------+-------+-------+-------+-------++-------
Melee: Trident           |    61 |   139 |   163 |       |       ||   363
       Halberd           |       |       |   179 |       |       ||   179
       Punch             |       |       |     1 |       |       ||     1
       Bardiche          |       |       |    20 |   536 |       ||   556
       Demon trident     |       |       |       |   265 |   754 ||  1019
Throw: Throwing net      |       |     1 |     1 |       |       ||     2
       Dart              |       |       |     1 |     1 |       ||     2
Invok: Upheaval          |       |       |       |     2 |     4 ||     6
  Use: Scroll            |     6 |     4 |     7 |    11 |     3 ||    31
       Potion            |       |     1 |       |     1 |       ||     2
 Stab: Distracted        |     1 |       |       |       |       ||     1
       Sleeping          |     1 |       |       |       |       ||     1
       Held in net/web   |       |     1 |       |       |       ||     1
Armor: Leather armour    |    16 |     1 |       |       |       ||    17
       Ring mail         |       |    46 |   111 |   204 |       ||   361
       Acid dragon scale |       |       |       |    34 |   134 ||   168
Dodge: Dodged            |    41 |    74 |   192 |   668 |   317 ||  1292
       Repelled          |       |       |       |       |     6 ||     6
Block: Other             |       |       |       |    41 |       ||    41
       Buckler           |       |       |       |    87 |   290 ||   377
